Map: Magannatha LE

Players

Danhman

  • Race: Zerg Zerg
  • League: Diamond
  • Spawn Location: 11:00

KimChiLoVer - Winner!

  • Race: Terran Terran
  • League: Diamond
  • Spawn Location: 5:00

VOD

Have the link to the VOD?

Description

Time

  • Played on: Aug. 26, 2025, 8:53 p.m.
  • Length: 16:15
Show
View Real Time Build Order
Export as new Build Order

Danhman Zerg 

Build Orders: Pool First 

Get SALT Encoding   

  12  0:01  Drone  
  13  0:13  Overlord  
  13  0:17  Drone  
  14  0:31  Drone x2  
  14  0:35  Drone  
  17  0:49  Extractor  
  16  0:50  Spawning Pool  
  16  0:52  Drone  
  16  0:57  Drone  
  17  1:08  Drone  
  18  1:21  Hatchery  
  18  1:25  Drone  
  18  1:37  Drone  
  19  1:42  Queen  
  19  1:46  Zergling x2  
  22  1:56  Metabolic Boost  
  22  2:00  Overlord  
  22  2:18  Queen  
  24  2:28  Zergling x6  
  27  2:38  Zergling x2  
  27  2:42  Queen  
  29  3:00  Drone x2  
  31  3:10  Drone x3  
  31  3:11  Drone  
  35  3:13  Hatchery  
  34  3:29  Drone x2  
  34  3:32  Overlord x2  
  36  3:44  Roach Warren  
  36  3:47  Extractor  
  34  3:51  Drone x4  
  34  3:52  Drone  
  39  4:06  Drone x4  
  43  4:15  Overlord x2  
  43  4:21  Drone  
  44  4:24  Roach x3  
  44  4:30  Drone x2  
  49  4:48  Drone x2  
  51  4:53  Drone x4  
  51  4:54  Baneling Nest  
  51  4:57  Drone x3  
  57  5:01  Drone x3  
  57  5:02  Drone  
  57  5:05  Roach x3  
  67  5:07  Roach  
  69  5:20  Overlord x4  
  69  5:37  Extractor  
  69  5:39  Extractor, Spore Crawler  
  69  5:42  Drone  
  67  5:43  Drone x3  
  67  5:44  Lair  
  70  5:53  Baneling x3  
  70  5:55  Drone  
  71  6:03  Hatchery  
  70  6:04  Drone x2  
  70  6:05  Evolution Chamber  
  70  6:06  Evolution Chamber  
  70  6:07  Zergling x12  
  70  6:08  Zergling x16  
  66  6:59  Drone  
  66  7:00  Drone x3  
  59  7:02  Extractor  
  59  7:03  Extractor  
  59  7:05  Centrifugal Hooks  
  59  7:06  Zergling x4  
  59  7:07  Zergling x18  
  68  7:25  Spire  
  68  7:27  Queen, Hatchery  
  68  7:31  Zergling x2  
  68  7:32  Zergling x20  
  68  7:34  Baneling x7  
  79  7:39  Drone x3  
  82  7:48  Queen  
  82  7:50  Drone x2  
  86  7:52  Hatchery  
  85  8:01  Zerg Melee Weapons Level 1, Zerg Ground Armor Level 1  
  85  8:03  Zergling x12  
  85  8:04  Zergling x6  
  94  8:28  Spore Crawler  
  94  8:30  Spore Crawler  
  94  8:31  Spore Crawler  
  94  8:34  Spore Crawler  
  90  8:39  Mutalisk  
  90  8:40  Mutalisk x6  
  104  8:43  Overlord x4  
  104  8:44  Overlord x3  
  103  9:15  Mutalisk x2  
  103  9:16  Mutalisk x7  
  115  10:07  Drone x4  
  115  10:10  Drone  
  115  10:11  Drone x3  
  115  10:14  Drone x5  
  123  10:20  Mutalisk  
  123  10:21  Mutalisk x2  
  128  10:24  Zerg Melee Weapons Level 2, Zerg Ground Armor Level 2  
  128  10:26  Hatchery  
  131  10:31  Zerg Flyer Weapons Level 1  
  131  10:38  Drone x3  
  134  10:44  Zergling x18  
  134  10:45  Zergling x4  
  145  10:57  Hatchery  
  144  11:06  Drone  
  144  11:07  Drone x3  
  148  11:14  Infestation Pit  
  145  11:27  Extractor  
  145  11:32  Extractor  
  141  11:33  Overlord x3  
  141  11:34  Overlord x2  
  139  12:03  Mutalisk x4  
  139  12:04  Mutalisk  
  139  12:07  Drone  
  139  12:08  Drone x2  
  152  12:11  Drone x14  
  152  12:12  Drone x3  
  152  12:14  Drone x12  
  152  12:15  Drone x3  
  184  12:22  Pneumatized Carapace, Hive  
  184  12:28  Zerg Flyer Armor Level 1  
  184  12:46  Spine Crawler  
  184  12:47  Spore Crawler  
  184  12:49  Spine Crawler, Queen  
  184  12:50  Spine Crawler  
  182  12:52  Zergling x2  
  182  12:53  Zergling x34  
  190  13:30  Extractor x2  
  132  13:44  Zergling x2  
  132  13:45  Zergling x38  
  132  13:46  Zergling x16  
  127  13:55  Zergling x2  
  127  13:56  Zergling x26  
  99  14:18  Baneling x7  
  99  14:19  Baneling x16  
  99  14:20  Zergling x6  
  99  14:21  Zergling x20  
  102  14:31  Ultralisk Cavern  
  83  14:33  Drone  
  50  14:53  Zergling x18  
  58  15:02  Drone  
  57  15:09  Zergling x14  
  50  15:17  Mutalisk  
  50  15:18  Hatchery  
  50  15:19  Baneling x8  
  50  15:20  Baneling  
  54  15:21  Ultralisk x3  
Show
View Real Time Build Order
Export as new Build Order

KimChiLoVer Terran - Winner!

Build Orders: Reaper Expand 

Get SALT Encoding   

  12  0:00  SCV  
  13  0:13  SCV  
  14  0:25  SCV  
  15  0:29  Supply Depot  
  15  0:51  SCV  
  15  0:53  Barracks  
  16  0:58  Refinery  
  16  1:05  SCV  
  16  1:06  Supply Depot  
  17  1:17  SCV  
  18  1:30  SCV  
  19  1:44  Orbital Command, Command Center  
  19  1:48  Reaper  
  20  2:10  SCV  
  21  2:20  Marine  
  21  2:22  SCV  
  23  2:24  Factory  
  23  2:29  Refinery  
  23  2:33  Barracks  
  23  2:34  SCV  
  24  2:44  Barracks Reactor  
  24  2:46  SCV  
  25  2:55  Orbital Command  
  25  3:04  SCV  
  26  3:09  Factory Tech Lab  
  26  3:11  Barracks  
  26  3:16  SCV  
  27  3:24  Marine x2  
  29  3:28  SCV  
  30  3:38  Command Center  
  30  3:40  SCV, Factory Reactor  
  31  3:44  Stimpack  
  31  3:45  Marine x2  
  33  3:54  Engineering Bay  
  33  3:57  Marine  
  34  4:03  Marine  
  34  4:05  Orbital Command, Marine x2  
  37  4:14  Marine  
  38  4:25  Engineering Bay  
  38  4:27  Supply Depot x2  
  38  4:28  Supply Depot  
  38  4:32  Marine  
  39  4:42  SCV  
  39  4:49  Terran Infantry Weapons Level 1  
  39  4:53  Missile Turret  
  39  4:54  SCV  
  39  4:58  Starport  
  40  5:00  Marine x2  
  40  5:01  Factory Tech Lab  
  40  5:06  SCV  
  43  5:08  Supply Depot  
  43  5:18  SCV  
  43  5:19  SCV, Refinery  
  46  5:24  Orbital Command  
  45  5:30  SCV  
  45  5:31  SCV  
  45  5:35  Terran Infantry Armor Level 1  
  47  5:38  Medivac x2  
  47  5:42  SCV, Armory  
  52  5:44  Combat Shield  
  52  5:48  Barracks  
  52  5:53  Barracks  
  52  5:54  SCV  
  52  5:55  Barracks Reactor  
  53  5:58  Siege Tank  
  56  6:06  SCV  
  56  6:07  Refinery  
  56  6:09  Missile Turret  
  56  6:10  Marine  
  58  6:13  SCV  
  58  6:14  SCV  
  60  6:19  SCV  
  61  6:31  SCV  
  57  6:43  SCV  
  53  6:48  Marine x7  
  52  7:05  Marine  
  52  7:06  Marine x6  
  59  7:09  Supply Depot  
  59  7:12  Medivac x2, Supply Depot  
  59  7:13  Siege Tank  
  66  7:16  Terran Vehicle And Ship Armor Level 1  
  66  7:19  Terran Infantry Weapons Level 2  
  66  7:23  SCV, Marine x2  
  66  7:24  Marine x3  
  72  7:30  Marine x2  
  72  7:35  SCV  
  75  7:43  SCV x2  
  77  7:47  SCV  
  78  7:54  Liberator  
  78  7:55  SCV, Medivac  
  84  7:59  SCV  
  84  8:05  SCV  
  86  8:07  SCV  
  86  8:10  Marine x6  
  93  8:29  Supply Depot  
  93  8:31  Supply Depot  
  93  8:32  Barracks Tech Lab  
  93  8:33  Barracks Reactor  
  93  8:38  Barracks  
  93  8:41  Barracks  
  93  8:42  Barracks  
  93  8:50  Marine x5  
  93  8:51  SCV x2, Marine  
  93  8:52  Siege Tank  
  93  8:53  Medivac x2  
  108  9:03  SCV  
  108  9:08  Marine x3  
  109  9:17  Marine x3  
  109  9:25  Terran Infantry Armor Level 2  
  109  9:30  Supply Depot, Marine x4  
  109  9:31  SCV, Medivac, Supply Depot, Siege Tank  
  109  9:39  Marine x2  
  109  9:41  Marine x2  
  109  9:42  Marine x2  
  109  9:45  Marine  
  109  9:50  Marine  
  109  9:51  SCV, Marine x3  
  110  9:57  Marine x2  
  110  9:58  Marine x2  
  110  9:59  Marine x2  
  110  10:03  Marine  
  113  10:08  Marine  
  113  10:09  Marine x3  
  113  10:11  Missile Turret  
  112  10:14  Marine  
  112  10:15  Terran Infantry Weapons Level 3, Marine  
  112  10:16  Marine x2  
  112  10:17  Marine x2  
  112  10:20  Marine  
  119  10:26  Marine  
  119  10:27  Marine  
  121  10:41  Missile Turret  
  121  10:43  Missile Turret  
  121  10:44  Missile Turret, Orbital Command, Marine x4  
  121  10:45  Barracks Reactor x3  
  125  10:53  Missile Turret  
  125  10:57  Missile Turret  
  125  11:03  Terran Vehicle And Ship Armor Level 2  
  125  11:14  Medivac x2, Marine x2  
  131  11:22  Missile Turret x2  
  131  11:31  Missile Turret x2  
  131  11:33  Missile Turret  
  131  11:36  Missile Turret  
  131  11:42  Widow Mine, Missile Turret  
  133  11:52  Missile Turret x2  
  133  11:53  Marine  
  133  11:54  Marine x6  
  135  11:55  Marine  
  136  12:06  Missile Turret  
  136  12:12  Widow Mine  
  138  12:17  Missile Turret  
  138  12:20  Terran Infantry Armor Level 3  
  138  12:28  Refinery  
  138  12:30  Refinery  
  138  12:39  Missile Turret  
  138  12:40  Missile Turret  
  138  12:42  Marine x4  
  142  12:59  Marine x8  
  142  13:05  Command Center  
  148  13:23  Marine x3  
  148  13:24  Marine x2  
  153  13:32  Missile Turret  
  119  13:52  Marine  
  119  13:53  Marauder x2, Marine x6  
  124  14:14  Marauder  
  126  14:19  Marine x7  
  126  14:20  Siege Tank, Marine  
  106  14:52  Siege Tank  
  97  14:57  Marine x8  
  97  14:58  Marine x4  
  109  15:15  Marine x12  
  121  15:24  Siege Tank, Missile Turret  
  124  15:32  Marine  
  124  15:33  Marine x11  
  136  15:50  Marine  
Tags
 
Add a new tag
Caveats
  • Supply blocks, unpowered buildings, or Contaminate may cause inaccurate times.
  • Supply counts are checked every 10 seconds.